 Dungeon Crawl Stone Soup version 0.29-a0-885-gb26ba3297d (webtiles) character file.

Game seed: 14399916473807130448

4417 xian the Destroyer (level 10, 0/70 HPs)
             Began as a Demonspawn Conjurer on July 20, 2022.
             Was an Initiate of Gozag.
             Slain by a two-headed ogre
             ... wielding a +0 dire flail
              (11 damage)
             ... on level 8 of the Dungeon.
             The game lasted 00:25:35 (8932 turns).

xian the Destroyer (Demonspawn Conjurer)            Turns: 8932, Time: 00:25:36

Health: 0/70       AC: 15    Str: 10    XL:     10   Next: 14%
Magic:  26/30      EV: 14    Int: 21    God:    Gozag
Gold:   417        SH:  0    Dex: 21    Spells: 20/23 levels left

rFire   . . .      SeeInvis .   v - +8 scimitar "Matito" {venom, rC+ Dex+3}
rCold   + . .      Faith    .   (no shield)
rNeg    . . .      Spirit   .   K - +0 leather armour {Will+}
rPois   .          Reflect  .   j - +0 helmet
rElec   .          Harm     .   z - +2 cloak
rCorr   .          Rampage  .   a - +0 pair of gloves
Will    +....                   (no boots)
Stlth   +++.......              h - amulet of magic regeneration
HPRegen 0.21/turn               B - +6 ring of dexterity
MPRegen 0.62/turn               C - ring of magical power

@: sanguine armoured
A: claws 2, powered by death 1, sanguine armour 1
a: Renounce Religion, Potion Petition, Call Merchant, Bribe Branch


You were on level 8 of the Dungeon.
You worshipped Gozag.
Gozag was aware of your devotion.
You visited 2 branches of the dungeon, and saw 10 of its levels.
You also visited: Sewer.

You collected 538 gold pieces.
You paid 121 gold pieces to Gozag.

Inventory:

Hand Weapons
 v - the +8 scimitar "Matito" (weapon) {venom, rC+ Dex+3}
   (You found it in a sewer)

   It poisons the flesh of those it strikes.
   Dex:       It affects your dexterity (+3).
   rC:        It protects you from cold.
Armour
 a - a +0 pair of gloves (worn)
 j - a +0 helmet (worn)
 m - a scarf of shadows
 z - a +2 cloak (worn)
 K - a +0 leather armour of willpower (worn)
Jewellery
 h - an amulet of magic regeneration (around neck)
 r - an amulet of the acrobat
 x - a ring of protection from cold
 B - a +6 ring of dexterity (left hand)
 C - a ring of magical power (right hand)
 E - a ring of ice
 G - a +6 ring of strength
 H - a ring of willpower
Wands
 A - a wand of mindburst (2)
 J - a wand of polymorph (5)
 L - a wand of charming (6)
Scrolls
 f - a scroll of blinking
 l - a scroll of magic mapping
 o - a scroll of fear
 p - a scroll of fog
 q - 2 scrolls of vulnerability
 s - 2 scrolls of teleportation
 t - 2 scrolls of immolation
 u - a scroll of silence
 w - 2 scrolls of torment
 y - 2 scrolls of poison
 F - 2 scrolls of enchant armour
 I - a scroll of enchant weapon {unknown}
Potions
 b - a potion of magic
 c - a potion of mutation {unknown}
 d - a potion of attraction {unknown}
 e - 4 potions of heal wounds
 g - 3 potions of haste
 i - 3 potions of lignification
 k - 2 potions of ambrosia
 n - a potion of berserk rage
 D - a potion of brilliance {unknown}


   Skills:
 + Level 3.4 Fighting
 + Level 0.5(2.1) Short Blades
 + Level 3.3 Long Blades
 + Level 0.5 Polearms
 + Level 4.4 Armour
 + Level 4.8 Dodging
 + Level 4.7 Stealth
 + Level 7.4 Spellcasting
 + Level 8.6 Conjurations


You had 20 spell levels left.
You knew the following spells:

 Your Spells              Type           Power      Damage    Failure   Level
a - Magic Dart            Conj           100%       1d8       1%          1
b - Searing Ray           Conj           88%        2d7       1%          2

Your spell library contained the following spells:

 Spells                   Type           Power      Damage    Failure   Level
 Dazzling Flash           Conj/Hex       52%        N/A       5%          3
 Stone Arrow              Conj/Erth      52%        3d10      5%          3
 Sandblast                Erth           14%        2d6       11%         1
 Blink                    Tloc           14%        N/A       17%         2
 Passwall                 Tmut/Erth      5%         N/A       17%         2
 Sublimation of Blood     Necr           7%         N/A       17%         2
 Fulminant Prism          Conj/Hex       13%        3d9       19%         4
 Iskenderun's Mystic Bla  Conj/Tloc      26%        2d7       19%         4
 Gell's Gravitas          Tloc           7%         N/A       32%         3
 Lesser Beckoning         Tloc           7%         N/A       32%         3
 Teleport Other           Tloc           7%         N/A       32%         3
 Irradiate                Conj/Tmut      13%        3d16      45%         5
 Petrify                  Tmut/Erth      7%         N/A       73%         4
 Manifold Assault         Tloc           7%         N/A       97%         5


Dungeon Overview and Level Annotations

Branches:
Dungeon (9/15)             Temple (1/1) D:7           Sewer (visited)
   Lair: D:8-11         Orc: D:9-12

Altars:
Cheibriados
Dithmenos
Fedhas
Gozag
Kikubaaqudgha
Okawaru
Sif Muna
Trog
Wu Jian
Xom
Yredelemnul

Shops:
D:2 *


Innate Abilities, Weirdness & Mutations

You have very sharp fingernails.
You regenerate a little health from kills.
When seriously injured, your blood forms armour. (AC +6)


Message History

The searing ray hits the two-headed ogre.
The two-headed ogre is moderately wounded. (Press . to maintain the ray.)
The searing ray hits the two-headed ogre.
The two-headed ogre is moderately wounded.
The two-headed ogre barely misses you.
The two-headed ogre completely misses you.
The searing ray misses the two-headed ogre.
The two-headed ogre hits you with a +0 dire flail!!
* * * LOW HITPOINT WARNING * * *
The two-headed ogre closely misses you.
The searing ray hits the two-headed ogre!
The two-headed ogre is heavily wounded.
You finish channelling your searing ray.
The two-headed ogre closely misses you.
The two-headed ogre hits you with a +0 giant club.
* * * LOW HITPOINT WARNING * * *
Casting: Searing Ray (safe; 1% risk of failure)
Confirm with . or Enter, or press ? or * to list all spells.
Aiming: Searing Ray (safe; 1% risk of failure)
Press: ? - help, Shift-Dir - straight line, f/p - two-headed ogre
Aim: a two-headed ogre, wielding a +0 dire flail and a +0 giant club (heavily wounded, 91% to hit)
The searing ray hits the two-headed ogre.
The two-headed ogre is heavily wounded. (Press . to maintain the ray.)
The two-headed ogre closely misses you.
The two-headed ogre completely misses you.
The searing ray hits the two-headed ogre.
The two-headed ogre is severely wounded.
The searing ray misses the two-headed ogre.
The two-headed ogre hits you with a +0 dire flail.
* * * LOW HITPOINT WARNING * * *
The two-headed ogre hits you with a +0 giant club.
* * * LOW HITPOINT WARNING * * *
The searing ray hits the two-headed ogre!
The two-headed ogre is almost dead.
You finish channelling your searing ray.
The two-headed ogre hits you with a +0 dire flail!
You die...
Your body crumbles into a pile of gold.

#.# #..######............. #.#
#..######.#.####...### ## #.#
#..##.....#.# #.### .####.#
#..#..#####.# ##.# ...##.##
#....## #.###..# ##..!..###
#.....# #.##..## ###
######...###..##.# ###.#.<##
#.. #....##.###.###.....## #..
##......###@#...#.### ##..
#....#..##.O.###.# #...
###.............##.# ##...
###...####.##........######....
#...### #.####.####........#..
#.### #.# #..###..#########
##.# #.# ##..###..# #..# #.#
##.# ##.## ##.## ##.##
#.####..#


You could see a two-headed ogre.

Vanquished Creatures
  The ghost of Cecillian the Skirmisher, a novice FoHu (D:5)
  2 steam dragons
  3 water moccasins
  An orc warrior (D:6)
  2 black bears
  A hornet zombie (D:6)
  An ice beast (D:6)
  A sky beast (D:8)
  2 centaurs (D:6)
  A phantom (D:6)
  2 kobold brigands
  4 bullfrogs
  2 necrophages (D:8)
  A gnoll sergeant (D:5)
  7 scorpions
  5 wights (D:8)
  A water moccasin skeleton (D:6)
  4 crimson imps (D:4)
  A bullfrog zombie (D:6)
  3 centaur zombies (D:6)
  5 hounds
  2 quasits (D:5)
  Crazy Yiuf (D:5)
  8 orc priests
  4 iguanas
  3 orc wizards
  2 killer bee zombies (D:6)
  2 howler monkey zombies (D:6)
  4 gnolls (D:5)
  A howler monkey skeleton (D:6)
  9 adders
  4 river rats (D:4)
  A shadow imp (D:7)
  3 ufetubi (D:5)
  5 worms
  2 dart slugs
  21 orcs
  6 ball pythons
  A bat zombie (D:5)
  An endoplasm (D:2)
  6 giant cockroaches
  3 goblins
  10 hobgoblins
  4 jackals
  32 kobolds
  15 quokkas
  4 bats
  8 frilled lizards
  10 rats
  A rat zombie (D:5)
223 creatures vanquished.

Vanquished Creatures (others)
  12 plants (D:4)
  4 withered plants (D:6)
16 creatures vanquished.

Grand Total: 239 creatures vanquished

Notes
Turn   | Place    | Note
-------+----------+-------------------------------------------
     0 | D:1      | xian the Demonspawn Conjurer began the quest for the Orb.
     0 | D:1      | Reached XP level 1. HP: 13/13 MP: 3/3
   379 | D:1      | Found a faded altar of an unknown god.
   396 | D:1      | Gained mutation: You have sharp fingernails. [demonic
                  | ancestry]
   396 | D:1      | Reached XP level 2. HP: 19/19 MP: 0/5
   622 | D:1      | You fall into a shaft and drop 1 floor!
   635 | D:2      | Learned a level 2 spell: Searing Ray
   710 | D:2      | Found Maoposesm's Assorted Antiques.
   722 | D:2      | Reached XP level 3. HP: 24/24 MP: 0/6
  1266 | D:2      | Found a shadowy altar of Dithmenos.
  1557 | D:3      | Gained mutation: You have very sharp fingernails. [demonic
                  | ancestry]
  1557 | D:3      | Reached XP level 4. HP: 30/30 MP: 3/8
  1565 | D:3      | Noticed a black bear
  1572 | D:3      | Killed a black bear
  1573 | D:3      | Reached skill level 5 in Conjurations
  1573 | D:3      | Reached XP level 5. HP: 23/36 MP: 3/9
  2377 | D:4      | Found a shimmering altar of Xom.
  2394 | D:4      | Gained mutation: When seriously injured, your blood forms
                  | armour. (AC +6) [demonic ancestry]
  2394 | D:4      | Reached XP level 6. HP: 22/42 MP: 7/11
  2768 | D:4      | Found an iron altar of Okawaru.
  2876 | D:4      | Reached skill level 6 in Conjurations
  2897 | D:4      | Found a glowing drain.
  2906 | Sewer    | Entered a sewer
  3370 | Sewer    | Reached skill level 1 in Armour
  3370 | Sewer    | Reached XP level 7. HP: 33/47 MP: 9/13
  3373 | Sewer    | Reached skill level 1 in Fighting
  3384 | Sewer    | Identified the +8 scimitar "Matito" {venom, rC+ Dex+3}
  3929 | D:4      | Found a blossoming altar of Fedhas.
  4404 | D:5      | Entered Level 5 of the Dungeon
  4443 | D:5      | Found a runed translucent door.
  4444 | D:5      | Noticed Crazy Yiuf
  4451 | D:5      | Killed Crazy Yiuf
  4860 | D:5      | Reached XP level 8. HP: 28/54 MP: 13/15
  4864 | D:5      | Reached skill level 1 in Long Blades
  5086 | D:5      | Found an ancient bone altar of Kikubaaqudgha.
  5267 | D:5      | Reached skill level 5 in Spellcasting
  5277 | D:5      | Found a transporter.
  5281 | D:5      | Noticed Cecillian's ghost (novice FoHu)
  5307 | D:5      | Found a transporter.
  5337 | D:5      | Killed Cecillian's ghost
  5338 | D:5      | Reached skill level 7 in Conjurations
  5708 | D:5      | Found an ornate altar of the Wu Jian Council.
  5935 | D:6      | Found a bloodstained altar of Trog.
  5959 | D:6      | Reached XP level 9. HP: 59/61 MP: 17/17
  6151 | D:6      | Found a snail-covered altar of Cheibriados.
  7039 | D:6      | Reached skill level 8 in Conjurations
  7409 | D:7      | Found a staircase to the Ecumenical Temple.
  7450 | Temple   | Entered the Ecumenical Temple
  7517 | Temple   | Became a worshipper of Gozag Ym Sagoz the Greedy
  8186 | D:8      | Gained mutation: You regenerate a little health from kills.
                  | [demonic ancestry]
  8186 | D:8      | Reached XP level 10. HP: 62/70 MP: 20/20
  8920 | D:9      | Noticed a two-headed ogre
  8920 | D:9      | Noticed a two-headed ogre
  8932 | D:8      | Slain by a two-headed ogre

Illustrated notes

Levels and vault maps discovered:
D:1:      dpeg_arrival_round_a, layout_basic,
          shapermc_ecumenical_altar_starsandcircs, minmay_split_cup_small
D:2:      cheibrodos_helix_gallery, layout_basic, basic_altar, serial_shops,
          shop, kennysheep_generic_room_5
D:3:      layout_basic, grunt_ministairs_6, amcnicky_mini_corridor_feature
D:4:      kennysheep_kobold_camp, layout_basic, fedhas_altar_2,
          okawaru_metal_pillars_3, led_xom_imps, lightli_sewer_entry_pipes,
          bh_walls_and_bars
D:5:      layout_gridville, lemuel_zombie_altar_kikubaaqudgha,
          marbit_many_paths, gammafunk_ghost_stat_death,
          nicolae_concentric_dashed_squares_mild, uniq_crazy_yiuf_cottage
D:6:      layout_gridville, cheibriados_altar_1, bloody_trog,
          mainiacjoe_overflow_boulevard, serial_undead, serial_undead_d,
          serial_undead_e, serial_undead_a, serial_undead_f
D:7:      layout_basic, minmay_temple_entry_slanted
D:8:      layout_rooms
D:9:      layout_gridville, orc_0_dummy, serial_shops, shop
Temple:   minmay_temple_curvy_branch

Skill      XL: |  1  2  3  4  5  6  7  8  9 |
---------------+----------------------------+-----
Stealth        | 2 3 4 |  4.7
Dodging        | 2 3 4 |  4.8
Spellcasting   | 3 4 5 7 |  7.4
Conjurations   | 5 6 7 8 |  8.6
Armour         | 1 2 3 4 |  4.4
Fighting       | 1 2 3 |  3.4
Long Blades    | 1 3 |  3.3
Short Blades   | |  0.5
Polearms       | |  0.5

Action                   |  1- 3 |  4- 6 |  7- 9 | 10-12 || total
-------------------------+-------+-------+-------+-------++-------
Melee: Spear             |     8 |       |       |       ||     8
       Dagger            |       |    14 |       |       ||    14
       Scimitar          |       |       |    40 |       ||    40
       Punch             |       |       |     1 |       ||     1
 Cast: Magic Dart        |    67 |    76 |   118 |    25 ||   286
       Searing Ray       |     5 |    17 |    69 |     7 ||    98
  Use: Scroll            |     7 |     3 |     5 |     3 ||    18
 Stab: Sleeping          |       |     1 |     2 |       ||     3
       Distracted        |       |       |     1 |       ||     1
Armor: Robe              |     1 |     3 |       |       ||     4
       Leather armour    |       |    15 |   104 |     7 ||   126
Dodge: Dodged            |    16 |    23 |   178 |    21 ||   238

Table legend: (Time is in decaauts)
 A = Elapsed time spent in this place.
 B = Non-inter-level travel time spent in this place.
 C = Inter-level travel time spent in this place.
 D = Time resting spent in this place.
 E = Time spent auto-exploring this place.
 F = Levels seen in this place.
 G = Mean time per level.
                   A        B        C        D        E       F      G
               +--------+--------+--------+--------+--------+-----+--------+
         Total |   9057 |   8850 |    207 |    314 |   6690 |  11 |  823.4 |
       Dungeon |   8100 |   7917 |    183 |     90 |   6138 |   9 |  900.0 |
        Temple |    121 |     97 |     24 |      0 |     61 |   1 |  121.0 |
         Sewer |    835 |    835 |      0 |    224 |    491 |   1 |  835.0 |
               +--------+--------+--------+--------+--------+-----+--------+

Top non-repeatable levels by time:
     D:5: 1526 daAuts
     D:6: 1466 daAuts
     D:4: 1350 daAuts
     D:3: 966 daAuts
   Sewer: 835 daAuts
     D:8: 791 daAuts
     D:2: 748 daAuts
     D:7: 626 daAuts
     D:1: 621 daAuts
  Temple: 121 daAuts
     D:9: 2 daAuts
